 Dungeon Crawl Stone Soup version 0.23.1 (webtiles) character file.

Game seed: 5007203852522214130

4 Kairos the Sneak (level 1, 13/13 HPs)
             Began as a Vine Stalker Enchanter on Mar 17, 2019.
             Quit the game on level 1 of the Dungeon.
             The game lasted 00:00:37 (532 turns).

Kairos the Sneak (Vine Stalker Enchanter)            Turns: 532, Time: 00:00:37

Health: 13/13      AC: 20    Str:  8 (10) XL:     1   Next: 70%
Magic:  4/4        EV:  2    Int: 13 (15) God:
Gold:   9          SH:  0    Dex: 11 (14) Spells: 3/4 levels left

rFire    . . .     SeeInvis .   a - +1 dagger
rCold    . . .     Gourm    .   (no shield)
rNeg     + + +     Faith    .   (armour currently unavailable)
rPois    +         Spirit   +   (helmet currently unavailable)
rElec    .         Reflect  .   (cloak currently unavailable)
rCorr    .         Harm     .   (gloves currently unavailable)
MR       .....     NoTele   +   (boots currently unavailable)
Stlth    ++........             (no amulet)
HPRegen  0.04/turn              (no ring)
MPRegen  0.09/turn              (no ring)

@: tree-form, very slightly contaminated
A: magic shield, no potion heal 3, rot immunity
a: no special abilities


You were on level 1 of the Dungeon.
You were not hungry.
You were a tree.
You visited 1 branch of the dungeon, and saw 1 of its levels.

You collected 9 gold pieces.

Inventory:

Hand Weapons
 a - a +1 dagger (weapon)
Armour
 b - a +0 robe (melded)
 h - a +0 helmet (melded)
Scrolls
 j - 2 scrolls of magic mapping
Comestibles
 d - 4 rations


   Skills:
 + Level 0.8 Short Blades
 + Level 1.6 Dodging
 + Level 3.8 Stealth
 + Level 2.2 Spellcasting
 + Level 3.1 Hexes


You had 3 spell levels left.
You knew the following spells:

 Your Spells              Type           Power        Failure   Level  Hunger
a - Corona                Hex            #......      7%          1    ##.....

Your spell library contained the following spells:

 Spells                   Type           Power        Failure   Level  Hunger
 Ensorcelled Hibernation  Hex/Ice        #.....       21%         2    ###....
 Confuse                  Hex            #.......     21%         3    ####...
 Tukima's Dance           Hex            #.......     21%         3    ####...
 Dazzling Spray           Conj/Hex       #.....       36%         3    ####...


Dungeon Overview and Level Annotations

Branches:
Dungeon (1/15)

Altars:


Innate Abilities, Weirdness & Mutations

((You have extremely sharp teeth.))
When hurt, damage is shared between your health and your magic reserves.
((Your bite disrupts and absorbs the magic of your enemies.))
Potions cannot restore your health.
You are immune to rotting.


Message History

As you read the scroll labeled KEAGRI GUAHEP, it crumbles to dust.
You feel blessed for a moment.
It was a scroll of remove curse.
As you read the scroll labeled WITHRU UMAUWK, it crumbles to dust.
You feel momentarily disoriented.
It was a scroll of magic mapping.
As you read the scroll labeled XUSCHOD DATO, it crumbles to dust.
You assume a fearsome visage.
Nothing appears to happen.
It was a scroll of fear.
Blink to where?
Press: ? - help, Dir - move target cursor You are very lightly contaminated with residual magic.
As you read the scroll labeled PUL FEMIAPLE, it crumbles to dust.
It was a scroll of blinking.
It was a potion of curing.
That felt strangely inert.
It was a potion of degeneration.
There was something very wrong with that liquid.
You feel weakened.
You feel dopey.
You feel clumsy.
It was a potion of lignification.
You turn into a tree.
Your +0 helmet melds into your body.
Your +0 robe melds into your body.
Your roots penetrate the ground.
Are you sure you want to abandon this character and quit the game? (Confirm with "yes".)

.###'#.#.........≈.........#.#
.....#.#...⌠...........⌠...#.#
###....#<.....≈.....≈........#
#......#...⌠..........(⌠...###
'......#.........≈.........#
#.....###...⌠.........⌠...##
#.....# #......⌠...⌠......#
#.....# ##...............##
#.....# ####...♣.....####
#.....# ########### #.....# #
#.....# # ......# # ......# #
......# # ......# # ......# #


There were no monsters in sight!

Vanquished Creatures
  A hobgoblin (D:1)
  A kobold (D:1)
  2 frilled lizards (D:1)
  A rat (D:1)
5 creatures vanquished.

Notes
Turn   | Place    | Note
-------+----------+-------------------------------------------
     0 | D:1      | Kairos the Vine Stalker Enchanter began the quest for the
                  | Orb.
     0 | D:1      | Reached XP level 1. HP: 9/9 MP: 4/4
   532 | D:1      | Quit the game

Action                   || total
-------------------------++-------
Melee: Dagger            ||     7
       Bite              ||     1
  Use: Scroll            ||     4
       Potion            ||     3
 Stab: Sleeping          ||     3
Dodge: Dodged            ||     3
